 Dungeon Crawl Stone Soup version 0.22.1-6-g1668fe2 (webtiles) character file.

9480 Yuikono the Unseen (level 11, -6/50 HPs)
             Began as a Vine Stalker Assassin on Jan 19, 2019.
             Was a Follower of Ashenzari.
             Killed from afar by a gargoyle (15 damage)
             ... with a stone arrow
             ... on level 11 of the Dungeon.
             The game lasted 01:13:49 (13533 turns).

Yuikono the Unseen (Vine Stalker Assassin)         Turns: 13533, Time: 01:13:50

Health: -6/50      AC:  3    Str: 15    XL:     11   Next: 47%
Magic:  0/19       EV: 12    Int: 11    God:    Ashenzari [*.....]
Gold:   215        SH:  0    Dex: 22    Spells: 10/20 levels left

rFire    . . .     SeeInvis +   O - +2 dagger of the Grave {pierce, Dex+4}
rCold    . . .     Gourm    .   (no shield)
rNeg     . . .     Faith    .   C - +1 robe {MR+} (curse)
rPois    .         Spirit   +   (no helmet)
rElec    .         Reflect  .   p - scarf {cloud immunity} (curse)
rCorr    .         Harm     .   (no gloves)
MR       ++...                  (no boots)
Stlth    +++++++...             (no amulet)
HPRegen  0.56/turn              v - ring of stealth (curse)
MPRegen  0.16/turn              h - ring of see invisible (curse)

@: no status effects
A: fangs 3, regeneration 1, magic shield, antimagic bite, no potion heal 3, rot
immunity
a: Curse Item, Scrying, Renounce Religion


You were on level 11 of the Dungeon.
You worshipped Ashenzari.
Ashenzari was aware of your devotion.
You were not hungry.

You visited 2 branches of the dungeon, and saw 12 of its levels.
You also visited: Ossuary.

You collected 661 gold pieces.
You spent 446 gold pieces at shops.

Inventory:

Hand Weapons
 a - the +2 mace of the Ancients {flame, rPois Str+7}
   (You found it on level 9 of the Dungeon)

   It has been specially enchanted to burn those struck by it, causing extra
   injury to most foes and up to half again as much damage against particularly
   susceptible opponents.
   It affects your strength (+7).
   It protects you from poison.
 b - a +0 blowgun
 d - the +4 hand crossbow of Hoyladutzo {penet, Fragile rPois Int+4 SInv}
   (You took it off a wight on level 11 of the Dungeon)

   Ammo fired by it will pass through the targets it hits, potentially hitting
   all targets in its path until it reaches maximum range.
   It affects your intelligence (+4).
   It protects you from poison.
   It lets you see invisible.
   It will be destroyed if unequipped.
 q - a +3 short sword
 L - a +2 whip of flaming
 O - the +2 dagger of the Grave (weapon) {pierce, Dex+4}
   (You found it on level 5 of the Dungeon)

   It inflicts extra damage upon your enemies.
   It affects your dexterity (+4).
Missiles
 e - 28 poisoned needles
 f - 2 curare-tipped needles
 m - 77 bolts
 o - 9 javelins (quivered)
 w - 7 needles of confusion
 I - 173 arrows
Armour
 j - +0 steam dragon scales
 p - a cursed scarf of cloud immunity (worn)
 C - a cursed +1 robe of magic resistance (worn)
 M - a +2 robe of positive energy
Jewellery
 h - a cursed ring of see invisible (right hand)
 v - a cursed ring of stealth (left hand)
 Z - an uncursed ring of positive energy
Wands
 l - a wand of polymorph (32)
 y - a wand of digging (29)
 K - a wand of iceblast (7)
 P - a wand of acid (34)
 S - a wand of paralysis (8)
 U - a wand of flame (30)
Scrolls
 i - 4 scrolls of teleportation
 s - 6 scrolls of enchant armour
 D - 6 scrolls of identify
 E - 2 scrolls of enchant weapon
 F - a scroll of noise
 J - 2 scrolls of blinking {unknown}
 N - a scroll of magic mapping
 Q - 2 scrolls of immolation {unknown}
 T - a scroll of torment {unknown}
 W - a scroll of vulnerability {unknown}
 X - 2 scrolls of remove curse
Potions
 c - a potion of agility
 k - 7 potions of curing
 n - 5 potions of might
 r - a potion of magic {unknown}
 x - 2 potions of lignification
 z - 6 potions of flight
 A - a potion of invisibility {unknown}
 B - 2 potions of mutation {unknown}
 G - 2 potions of resistance {unknown}
 V - a potion of ambrosia {unknown}
 Y - 3 potions of heal wounds {unknown}
Comestibles
 g - 18 rations


   Skills:
 - Level 1.7 Fighting
 - Level 6.8 Short Blades
 - Level 6.8 Throwing
 - Level 0.7 Dodging
 * Level 15.2 Stealth
 + Level 5.0 Spellcasting
 + Level 5.0 Conjurations
 + Level 3.6 Poison Magic


You had 10 spell levels left.
You knew the following spells:

 Your Spells              Type           Power        Failure   Level  Hunger
a - Blink                 Tloc           N/A          32%         2    ##.....
b - Mephitic Cloud        Conj/Pois/Air  #.......     21%         3    ###....
c - Conjure Flame         Conj/Fire      #.......     22%         3    ###....
d - Confusing Touch       Hex            #.....       22%         1    None
e - Apportation           Tloc           #.....       22%         1    None

Your spell library contained the following spells:

 Spells                   Type           Power        Failure   Level  Hunger
 Magic Dart               Conj           ##..         2%          1    None
 Animate Skeleton         Necr           N/A          22%         1    None
 Summon Small Mammal      Summ           #...         22%         1    None
 Call Imp                 Summ           #.......     32%         2    ##.....
 Slow                     Hex            #.......     32%         2    ##.....
 Call Canine Familiar     Summ           #.......     54%         3    ###....
 Summon Guardian Golem    Hex/Summ       #.......     54%         3    ###....
 Summon Ice Beast         Ice/Summ       #.......     91%         4    ####...
 Summon Lightning Spire   Summ/Air       #.......     91%         4    ####...


Dungeon Overview and Level Annotations

Branches:
Dungeon (11/15)            Temple (1/1) D:4            Lair (0/6) D:11
    Orc (0/2) D:11

Altars:
Ashenzari
Cheibriados
Dithmenos
Elyvilon
Fedhas
Gozag
Hepliaklqana
Kikubaaqudgha
Makhleb
Nemelex Xobeh
Okawaru
Qazlal
Ru
Sif Muna
Trog
Uskayaw
Vehumet
Wu Jian
Xom
Yredelemnul
Zin
The Shining One

Shops:
D:4 ?   D:8 :   D:11 (

Annotations:
D:6 1 runed door, erker's ghost, novice OpTm
D:8 3 runed doors, emiel's ghost, novice GnEE
D:11 exclusion: gargoyle


Innate Abilities, Weirdness & Mutations

You have razor-sharp teeth.
Your natural rate of healing is unusually fast.
When hurt, damage is shared between your health and your magic reserves.
Your bite disrupts and absorbs the magic of your enemies.
Potions cannot restore your health.
You are immune to rotting.


Message History

You hit the gargoyle.
The gargoyle is severely damaged.
The gargoyle hits you with a flail.
You hit the gargoyle but do no damage.
The gargoyle is severely damaged.
The gargoyle hurls a stone arrow at you.
The stone arrow hits you!
* * * LOW HITPOINT WARNING * * *
All of the chunks of flesh in your inventory have rotted away.
Okay, then.
Your magical effects are unravelling.
You feel magically purged.
You feel less wooden.
Your cursed scarf of cloud immunity unmelds from your body.
Your cursed +1 robe of magic resistance unmelds from your body.
You feel immune to the effects of clouds.
You feel resistant to hostile enchantments.
The gargoyle hurls a stone arrow at you.
The stone arrow hits you!
You die...

#..........####
.....#...9.# .....###
#....'. #....# #....#
+....###+###
#####....#.....#
#.....@9.#.....#
#...######.....#
#..............#
#..............#
...#..............#
...#...........####
.................#
######.P.............#
.........♣.P...♣.....#
......


You could see a gargoyle.

Vanquished Creatures
  Urug (D:10)
  An unseen horror (D:10)
  Pikel (D:5)
  A manticore (D:11)
  A gargoyle (D:11)
  3 hornets
  A hippogriff (D:7)
  A wraith (D:9)
  A basilisk (D:11)
  A human (D:8)
  9 yaks
  A hungry ghost (D:9)
  A wyvern (D:8)
  A steam dragon (D:11)
  A warg (D:9)
  2 porcupines (D:11)
  2 orc warriors
  A phantom (D:9)
  A black bear (D:7)
  2 sky beasts
  2 slaves (D:5)
  5 ogres
  2 crocodiles (D:11)
  2 centaurs
  6 bullfrogs
  3 scorpions (D:4)
  4 killer bees
  10 wights
  A howler monkey (D:4)
  2 crimson imps
  A centaur zombie (D:6)
  A quasit (D:9)
  5 hounds
  4 orc priests
  4 jellies
  7 orc wizards
  3 centaur skeletons
  Natasha (thrice) (D:2)
  3 iguanas
  11 worker ants
  3 big kobold zombies (Ossuary)
  A hound skeleton (D:7)
  3 mummies (Ossuary)
  8 gnolls
  13 adders
  A shadow imp (D:11)
  An ooze (D:6)
  2 adder zombies
  An adder skeleton (D:4)
  4 worms
  2 dart slugs
  4 leopard geckos
  37 orcs
  3 giant cockroaches
  A gnoll zombie (Ossuary)
  11 goblins
  8 hobgoblins
  10 jackals
  4 kobolds
  4 quokkas
  A ball python (D:5)
  7 bats
  4 frilled lizards
  A goblin zombie (D:6)
  2 hobgoblin zombies (Ossuary)
  2 jackal zombies
  A kobold zombie (Ossuary)
  An orc zombie (Ossuary)
  2 quokka zombies (D:6)
  6 rats
260 creatures vanquished.

Vanquished Creatures (others)
  A quokka (D:5)
  A bush (D:11)
  2 fungi (D:11)
  9 plants (D:11)
13 creatures vanquished.

Grand Total: 273 creatures vanquished

Notes
Turn   | Place    | Note
-------+----------+-------------------------------------------
     0 | D:1      | Yuikono the Vine Stalker Assassin began the quest for the
                  | Orb.
     0 | D:1      | Reached XP level 1. HP: 11/11 MP: 2/2
   251 | D:1      | Reached skill level 5 in Stealth
   348 | D:1      | Reached XP level 2. HP: 15/15 MP: 3/3
   742 | D:1      | Reached XP level 3. HP: 18/18 MP: 4/4
  1459 | D:2      | Found a sacrificial altar of Ru.
  1473 | D:2      | Noticed Natasha
  1514 | D:2      | Killed Natasha
  1514 | D:2      | Gained mutation: Your natural rate of healing is unusually
                  | fast. [Vine Stalker growth]
  1514 | D:2      | Reached XP level 4. HP: 3/23 MP: 1/5
  1632 | D:2      | Noticed Natasha
  1649 | D:2      | Killed Natasha
  1966 | D:2      | Noticed Natasha
  1977 | D:2      | Killed Natasha
  2147 | D:3      | Reached XP level 5. HP: 26/26 MP: 6/6
  2157 | D:3      | Reached skill level 6 in Stealth
  2885 | D:3      | Reached XP level 6. HP: 30/30 MP: 7/7
  3136 | D:4      | Found a staircase to the Ecumenical Temple.
  3299 | D:4      | Reached skill level 7 in Stealth
  3375 | Temple   | Entered the Ecumenical Temple
  3604 | D:4      | Reached XP level 7. HP: 34/34 MP: 8/8
  3704 | D:4      | Found Hell's Magic Scroll Emporium.
  3744 | D:4      | Bought a scroll of enchant armour for 82 gold pieces
  3744 | D:4      | Bought a scroll of enchant weapon for 82 gold pieces
  3744 | D:4      | Bought a scroll of identify for 22 gold pieces
  4019 | D:4      | Found a glowing golden altar of the Shining One.
  4021 | D:4      | Found a glowing silver altar of Zin.
  4023 | D:4      | Found a white marble altar of Elyvilon.
  4031 | D:4      | Reached skill level 8 in Stealth
  4544 | D:5      | Entered Level 5 of the Dungeon
  4912 | D:5      | Noticed Pikel
  5013 | D:5      | Killed Pikel
  5013 | D:5      | Reached skill level 5 in Short Blades
  5013 | D:5      | Reached skill level 5 in Throwing
  5013 | D:5      | Reached skill level 9 in Stealth
  5013 | D:5      | Gained mutation: You have razor-sharp teeth. [Vine Stalker
                  | growth]
  5013 | D:5      | Reached XP level 8. HP: 36/38 MP: 7/9
  5158 | D:5      | Got a slimy dagger
  5159 | D:5      | Identified the +2 dagger of the Grave {pierce, Dex+4} (You
                  | found it on level 5 of the Dungeon)
  5221 | D:5      | Reached skill level 10 in Stealth
  5950 | D:6      | Found a sand-covered staircase.
  5967 | Ossuary  | Entered an ossuary
  6074 | Ossuary  | Reached XP level 9. HP: 42/42 MP: 10/10
  6756 | D:6      | Reached skill level 11 in Stealth
  7103 | D:6      | Found a shattered altar of Ashenzari.
  7103 | D:6      | Found a blossoming altar of Fedhas.
  7104 | D:6      | Found a shadowy altar of Dithmenos.
  7162 | D:6      | Became a worshipper of Ashenzari the Shackled
  7173 | D:6      | Found an iron altar of Okawaru.
  7183 | D:6      | Found a basalt altar of Yredelemnul.
  7187 | D:6      | Found an ancient bone altar of Kikubaaqudgha.
  7193 | D:6      | Found an opulent altar of Gozag.
  7326 | D:6      | Found a runed door.
  7329 | D:6      | Noticed erker's ghost (novice OpTm)
  8159 | D:7      | Reached skill level 12 in Stealth
  8780 | D:8      | Found a runed gate.
  8781 | D:8      | Found an opulent altar of Gozag.
  8782 | D:8      | Noticed a centaur warrior
  8783 | D:8      | Found a runed gate.
  8783 | D:8      | Found a runed gate.
  8783 | D:8      | Noticed a wolf spider
  8783 | D:8      | Noticed emiel's ghost (novice GnEE)
  8972 | D:8      | Found a snail-covered altar of Cheibriados.
  8974 | D:8      | Reached XP level 10. HP: 46/46 MP: 11/11
  9022 | D:8      | Found Ahop's Book Boutique.
  9029 | D:8      | Bought a book of Minor Magic for 260 gold pieces
  9032 | D:8      | Learned a level 2 spell: Blink
  9036 | D:8      | Learned a level 3 spell: Mephitic Cloud
  9040 | D:8      | Learned a level 3 spell: Conjure Flame
  9231 | D:8      | Reached * piety under Ashenzari
  9285 | D:8      | Reached skill level 1 in Spellcasting
  9285 | D:8      | Reached skill level 1 in Conjurations
  9285 | D:8      | Reached skill level 1 in Poison Magic
  9325 | D:8      | Reached skill level 13 in Stealth
  9713 | D:9      | Paralysed by a hornet for 2 turns
  9787 | D:9      | Paralysed by a hornet for 3 turns
  9863 | D:9      | Learned a level 1 spell: Confusing Touch
  9865 | D:9      | Learned a level 1 spell: Apportation
  9926 | D:9      | Got the mace of the Ancients {flame, rPois Str+7}
 11099 | D:10     | Entered Level 10 of the Dungeon
 11234 | D:9      | Identified the +2 mace of the Ancients {flame, rPois Str+7}
                  | (You found it on level 9 of the Dungeon)
 11324 | D:10     | Noticed an unseen horror
 11332 | D:10     | Killed an unseen horror
 11332 | D:10     | Reached skill level 14 in Stealth
 11333 | D:10     | Noticed Urug
 11968 | D:10     | Killed Urug
 11968 | D:10     | Reached XP level 11. HP: 50/50 MP: 10/18
 12435 | D:11     | Noticed a manticore
 12439 | D:11     | Killed a manticore
 12446 | D:11     | Found a staircase to the Orcish Mines.
 13076 | D:11     | Got the hand crossbow of Hoyladutzo {penet, Fragile rPois
                  | Int+4 SInv}
 13127 | D:11     | Found Casohapa's Antique Weapon Emporium.
 13187 | D:11     | Found a staircase to the Lair.
 13223 | D:11     | Reached skill level 15 in Stealth
 13415 | D:11     | Reached skill level 5 in Conjurations
 13424 | D:11     | Reached skill level 5 in Spellcasting
 13533 | D:11     | Killed from afar by a gargoyle

Skill      XL: |  1  2  3  4  5  6  7  8  9 10 11 |
---------------+----------------------------------+-----
Short Blades   | 2 3 4 5 6 |  6.8
Stealth        | 5 6 7 9 10 12 14 15 | 15.2
Throwing       | 2 3 4 5 6 |  6.8
Spellcasting   | 4 5 |  5.0
Conjurations   | 4 5 |  5.0
Poison Magic   | 2 3 |  3.6
Fighting       | |  1.7
Dodging        | |  0.7

Action                   |  1- 3 |  4- 6 |  7- 9 | 10-12 || total
-------------------------+-------+-------+-------+-------++-------
Melee: Dagger            |    96 |   125 |   237 |   269 ||   727
       Bite              |    19 |    40 |   105 |    99 ||   263
       Whip              |       |       |    63 |       ||    63
       Short sword       |       |       |    15 |       ||    15
       Mace              |       |       |       |    35 ||    35
 Fire: Blowgun           |       |    23 |    45 |    10 ||    78
       Hunting sling     |       |       |    57 |     7 ||    64
Throw: Javelin           |     1 |       |    16 |    12 ||    29
 Cast: Mephitic Cloud    |       |       |       |    17 ||    17
Invok: Curse Item        |       |       |     2 |     2 ||     4
Evoke: Wand              |       |       |       |    13 ||    13
  Use: Potion            |     1 |     1 |     5 |     3 ||    10
       Scroll            |       |     3 |     6 |     9 ||    18
 Stab: Sleeping          |     3 |    11 |    26 |    20 ||    60
       Confused          |       |     2 |       |    15 ||    17
       Distracted        |       |       |     5 |     1 ||     6
  Eat: Chunk             |     2 |     3 |    13 |    12 ||    30
       Ration            |       |     1 |     1 |     3 ||     5
Armor: Robe              |     4 |       |    33 |    26 ||    63
       Leather armour    |    22 |    22 |    11 |       ||    55
       Skin              |       |       |    32 |    17 ||    49
Dodge: Dodged            |    46 |    48 |   138 |    94 ||   326
